 Dungeon Crawl Stone Soup version 0.30-a0-728-gc68057be0a (webtiles) character file.

Game seed: 971449848906149799

2751 Legacy the Fighter (level 9, -2/100 HPs)
             Began as a Minotaur Berserker on Feb 1, 2023.
             Was an Elder of Trog.
             Slain by an unseen horror (9 damage)
             ... on level 6 of the Dungeon.
             The game lasted 00:13:02 (5103 turns).

Legacy the Fighter (Minotaur Berserker)             Turns: 5103, Time: 00:13:03

Health: -2/100     AC: 11    Str: 26    XL:     9   Next: 41%
Magic:  8/8        EV: 24    Int:  4    God:    Trog [****..]
Gold:   264        SH:  4    Dex:  8    Spells: 8/8 levels left

rFire   . . .      SeeInvis .    k - +1 war axe
rCold   . . .      Faith    .    w - +0 buckler
rNeg    . . .      Spirit   .    q - +0 chain mail
rPois   +          Reflect  .    (helmet unavailable)
rElec   .          Harm     .    j - +0 cloak
rCorr   .          Rampage  .    (no gloves)
Will    .....                    (no boots) Stlth
                                 m - amulet of the acrobat
HPRegen 0.36/turn                (no ring)
MPRegen 0.11/turn                (no ring)

@: acrobatic
A: horns 3, retaliatory headbutt, clumsy 1, poison resistance, robust 1
a: Renounce Religion, Berserk, Trog's Hand, Brothers in Arms


You were on level 6 of the Dungeon.
You worshipped Trog.
Trog was greatly pleased with you.
You visited 1 branch of the dungeon, and saw 6 of its levels.

You collected 264 gold pieces.

Inventory:

Hand Weapons
 k - a +1 war axe (weapon)
Armour
 j - a +0 cloak (worn)
 q - a +0 chain mail (worn)
 w - a +0 buckler (worn)
 x - a +2 hat
Jewellery
 m - an amulet of the acrobat (around neck)
Wands
 e - a wand of flame (7)
 u - a wand of paralysis (6)
 z - a wand of roots (6)
Scrolls
 b - 2 scrolls of poison
 d - 4 scrolls of immolation
 f - a scroll of butterflies
 g - 2 scrolls of fog
 i - a scroll of identify
 l - 2 scrolls of magic mapping
 o - a scroll of enchant armour
Potions
 a - 3 potions of berserk rage
 c - a potion of heal wounds
 h - 2 potions of brilliance {unknown}
 p - a potion of degeneration {unknown}
 r - 2 potions of resistance {unknown}
 s - a potion of magic {unknown}
 t - 2 potions of attraction {unknown}
 v - a potion of curing {unknown}


   Skills:
 + Level 12.5 Fighting
 - Level 3.6 Axes
 + Level 6.7 Armour
 * Level 5.0 Dodging
 + Level 0.9 Stealth
 * Level 5.0 Shields


You had 8 spell levels left.
You didn't know any spells.
Your spell library was empty.

Dungeon Overview and Level Annotations

Branches:
Dungeon (6/15)
 Temple: D:4-7

Altars:
Hepliaklqana
Makhleb
Qazlal

Shops:
D:2 :


Innate Abilities, Weirdness & Mutations

You have a pair of large horns on your head.
You reflexively headbutt those who attack you in melee.
You are clumsy. (Dex -2)
Your system is resistant to poisons. (rPois)
You are robust. (+10% HP)


Message History

Press: ? - help, Dir - move target You miss something.
Your headbutt misses something. Something hits you.
* * * LOW HITPOINT WARNING * * *
Something hits you but does no damage.
Cleave: k) +1 war axe
Press: ? - help, Dir - move target You closely miss something.
Something hits you.
* * * LOW HITPOINT WARNING * * *
Cleave: k) +1 war axe
Press: ? - help, Dir - move target You closely miss something.
Something hits you.
* * * LOW HITPOINT WARNING * * *
Cleave: k) +1 war axe
Press: ? - help, Dir - move target You swing at nothing.
Aiming: Fastroot
Press: ? - help, Q - select action, (/) - cycle Shift-Dir - straight line The roots erupt in riotous growth!
Something hits you but does no damage. Something hits you.
* * * LOW HITPOINT WARNING * * *
Unknown command.
Unknown command.
Aiming: Throw Flame
Press: ? - help, Q - select action, (/) - cycle Shift-Dir - straight line Something hits you.
* * * LOW HITPOINT WARNING * * *
Unknown command.
Unknown command.
Aiming: Throw Flame
Press: ? - help, Q - select action, (/) - cycle Shift-Dir - straight line The puff of flame hits something.
Something hits you but does no damage.
Unknown command.
Unknown command.
You block something's attack. Something hits you but does no damage.
Something closely misses you. Something hits you!
* * * LOW HITPOINT WARNING * * *
Something hits you!
You die...

....##.#.........................
................###........######
................# #........######
.##.............# #........#.....
.###............# #........#.....
.###.....)......# #..............
................# #.#.#...##.....
................###.#.#...###...#
................@.# ......
......<.........#.# ##...#
.......##.........# #...
.......##.........# ######..
.......##......|).####.........
.......##..)...).))).#........
.......##.......)).))#...... ...
#....####................... ....
.................#...............


There were no monsters in sight!

Vanquished Creatures
  A manticore (D:6)
  Grinder (D:5)
  Sigmund (D:5)
  A wyvern (D:6)
  2 water moccasins
  2 ice beasts
  2 sky beasts (D:6)
  3 ogres
  A kobold brigand (D:6)
  Blork the orc (D:6)
  3 necrophages
  2 scorpions
  A howler monkey (D:6)
  2 hounds (D:5)
  2 jellies
  A gnoll bouda (D:6)
  2 orc priests (D:5)
  An iguana (D:6)
  4 orc wizards
  Terence (D:3)
  4 gnolls (D:6)
  7 adders
  A white imp (D:6)
  A worm (D:2)
  5 dart slugs
  17 orcs
  5 ball pythons
  6 bats
  5 endoplasms
  2 giant cockroaches
  9 goblins
  9 hobgoblins
  9 jackals
  10 kobolds
  7 quokkas
  2 frilled lizards
  2 rats
135 creatures vanquished.

Vanquished Creatures (others)
  18 plants (D:1)
18 creatures vanquished.

Grand Total: 153 creatures vanquished

Notes
Turn   | Place    | Note
-------+----------+-------------------------------------------
     0 | D:1      | Legacy the Minotaur Berserker began the quest for the Orb.
     0 | D:1      | Reached XP level 1. HP: 19/19 MP: 0/0
    67 | D:1      | Reached skill level 4 in Fighting
    97 | D:1      | Reached XP level 2. HP: 8/28 MP: 1/1
   808 | D:1      | Reached skill level 5 in Fighting
   815 | D:1      | Reached XP level 3. HP: 18/36 MP: 2/2
   871 | D:2      | Reached ** piety under Trog
  1141 | D:2      | Found a faded altar of an unknown god.
  1495 | D:2      | Reached XP level 4. HP: 36/44 MP: 3/3
  1497 | D:2      | Reached skill level 6 in Fighting
  1553 | D:2      | Found Dacleiki's Book Boutique.
  1566 | D:2      | Found a burning altar of Makhleb.
  1860 | D:3      | Noticed Terence
  1870 | D:3      | Killed Terence
  1945 | D:3      | Reached XP level 5. HP: 51/51 MP: 4/4
  1955 | D:3      | Reached *** piety under Trog
  1962 | D:3      | Reached skill level 7 in Fighting
  2127 | D:3      | Found a hazy altar of Hepliaklqana.
  2939 | D:4      | Reached skill level 8 in Fighting
  3100 | D:5      | Entered Level 5 of the Dungeon
  3107 | D:5      | Reached XP level 6. HP: 58/61 MP: 5/5
  3161 | D:5      | Reached skill level 9 in Fighting
  3278 | D:5      | Noticed an ice beast
  3289 | D:5      | Killed an ice beast
  3290 | D:5      | Reached XP level 7. HP: 38/71 MP: 6/6
  3376 | D:5      | Reached **** piety under Trog
  3377 | D:5      | Reached skill level 10 in Fighting
  3422 | D:5      | Noticed Grinder
  3443 | D:5      | Paralysed by Grinder for 5 turns
  3448 | D:5      | Killed Grinder
  3449 | D:5      | Reached skill level 1 in Shields
  3794 | D:5      | Noticed a fire elemental
  3796 | D:5      | Found a stormy altar of Qazlal.
  3799 | D:5      | Noticed an air elemental
  3799 | D:5      | Noticed a water elemental
  3854 | D:5      | Reached XP level 8. HP: 79/81 MP: 7/7
  3864 | D:5      | Reached skill level 11 in Fighting
  3917 | D:5      | Noticed Sigmund
  3922 | D:5      | Killed Sigmund
  4180 | D:6      | HP: 3/123 [orc wizard/+2 dagger of speed (5)]
  4216 | D:6      | Reached skill level 5 in Armour
  4238 | D:6      | Reached skill level 12 in Fighting
  4243 | D:6      | HP: 2/83 [sky beast (6)]
  4245 | D:6      | Gained mutation: Your system is resistant to poisons.
                  | (rPois) [potion of mutation]
  4245 | D:6      | Gained mutation: You have hidden genetic potential. [potion
                  | of mutation]
  4245 | D:6      | Gained mutation: You occasionally lose the ability to drink
                  | potions when taking damage. [potion of mutation]
  4254 | D:6      | Reached XP level 9. HP: 27/90 MP: 8/8
  4259 | D:6      | Lost mutation: You occasionally lose the ability to drink
                  | potions when taking damage. [potion of mutation]
  4259 | D:6      | Lost mutation: You have hidden genetic potential. [potion
                  | of mutation]
  4259 | D:6      | Gained mutation: You have a pair of large horns on your
                  | head. [potion of mutation]
  4259 | D:6      | Gained mutation: You are clumsy. (Dex -2) [potion of
                  | mutation]
  4259 | D:6      | Gained mutation: You are robust. (+10% HP) [potion of
                  | mutation]
  4683 | D:6      | Noticed Blork the orc
  4691 | D:6      | Killed Blork the orc
  4821 | D:6      | Noticed a manticore
  4835 | D:6      | Killed a manticore
  4846 | D:6      | Reached skill level 5 in Dodging
  4846 | D:6      | Reached skill level 5 in Shields
  5103 | D:6      | Slain by an unseen horror

Illustrated notes

Levels and vault maps discovered:
D:1:      amcnicky_arrival_wind_blow, layout_basic, kennysheep_boxes
D:2:      layout_basic, ebering_ecumenical_altar_webs, basic_altar,
          serial_shops, shop
D:3:      layout_rooms, general_overflow_altar, uniq_terence
D:4:      nicolae_cairo_tiling_very_big, layout_rooms, minmay_strange_pillars,
          abandoned_shop
D:5:      layout_basic, nicolae_qazlal_style_of_elements, uniq_sigmund,
          uniq_grinder
D:6:      layout_basic, minmay_divided_ellipse, uniq_blork_the_orc

Skill      XL: |  1  2  3  4  5  6  7  8  9 |
---------------+----------------------------+-----
Fighting       | 4 5 6 8 9 10 12 | 12.5
Armour         | 3 5 6 |  6.7
Shields        | 1 4 5 |  5.0
Dodging        | 3 4 5 |  5.0
Axes           | |  3.6
Stealth        | |  0.9

Action                     |  1- 3 |  4- 6 |  7- 9 || total
---------------------------+-------+-------+-------++-------
  Melee: Hand axe          |    94 |       |       ||    94
         Headbutt          |    17 |    20 |    19 ||    56
         War axe           |     5 |   110 |   116 ||   231
 Invoke: Berserk           |       |       |     2 ||     2
  Evoke: Wand              |       |       |     5 ||     5
    Use: Scroll            |     3 |     3 |     5 ||    11
         Potion            |       |       |     4 ||     4
   Stab: Paralysed         |       |       |     3 ||     3
 Armour: Animal skin       |    34 |     7 |       ||    41
         Chain mail        |       |    89 |   115 ||   204
  Dodge: Dodged            |    87 |    90 |    78 ||   255
  Block: Buckler           |       |    16 |    37 ||    53

Table legend: (Time is in decaauts)
 A = Elapsed time spent in this place.
 B = Non-inter-level travel time spent in this place.
 C = Inter-level travel time spent in this place.
 D = Time resting spent in this place.
 E = Time spent auto-exploring this place.
 F = Levels seen in this place.
 G = Mean time per level.
                   A        B        C        D        E       F      G
               +--------+--------+--------+--------+--------+-----+--------+
         Total |   5215 |   4827 |    388 |    785 |      0 |   6 |  869.2 |
       Dungeon |   5215 |   4827 |    388 |    785 |      0 |   6 |  869.2 |
               +--------+--------+--------+--------+--------+-----+--------+

Top non-repeatable levels by time:
     D:6: 1082 daAuts
     D:5: 1001 daAuts
     D:1: 876 daAuts
     D:2: 820 daAuts
     D:4: 753 daAuts
     D:3: 680 daAuts
